 Dungeon Crawl Stone Soup version 0.29-a0-885-gb26ba3297d (webtiles) character file.

Game seed: 1765224825532182855

58 reriks the Skirmisher (level 4, 0/38 HPs)
             Began as a Gnoll Hunter on July 20, 2022.
             Slain by a gnoll
             ... wielding a +0 flail
              (8 damage)
             ... on level 2 of the Dungeon.
             The game lasted 00:01:21 (1118 turns).

reriks the Skirmisher (Gnoll Hunter)                Turns: 1118, Time: 00:01:21

Health: 0/38       AC: 10    Str: 10    XL:     4   Next: 1%
Magic:  0/5        EV:  2    Int:  8    God:
Gold:   66         SH:  0    Dex: 18    Spells: 5/5 levels left

rFire   . . .      SeeInvis .   a - +0 shortbow
rCold   . . .      Faith    .   (shield currently unavailable)
rNeg    . . .      Spirit   +   p - +0 plate armour
rPois   .          Reflect  .   (no helmet)
rElec   .          Harm     .   (no cloak)
rCorr   .          Rampage  .   (no gloves)
Will    .....                   (no boots)
Stlth   ..........              n - amulet of guardian spirit
HPRegen 0.12/turn               (no ring)
MPRegen 0.09/turn               (no ring)

@: no status effects
A: fangs 1, strong nose, distributed training
a: no special abilities


You were on level 2 of the Dungeon.
You visited 1 branch of the dungeon, and saw 2 of its levels.

You collected 66 gold pieces.

Inventory:

Hand Weapons
 a - a +0 shortbow (weapon)
Missiles
 q - a throwing net
Armour
 c - a +0 leather armour
 p - a +0 plate armour (worn)
Jewellery
 n - an amulet of guardian spirit (around neck)
Wands
 s - a wand of acid (7)
Scrolls
 b - 2 scrolls of immolation
 e - a scroll of noise
 f - 2 scrolls of identify
 i - a scroll of enchant weapon {unknown}
 j - a scroll of blinking {unknown}
 k - a scroll of amnesia {unknown}
 l - a scroll of torment {unknown}
 o - 3 scrolls of teleportation {unknown}
 r - 2 scrolls of fog {unknown}
Potions
 d - a potion of mutation {unknown}
 h - a potion of lignification {unknown}
 m - a potion of cancellation {unknown}
 t - a potion of heal wounds {unknown}
 u - 2 potions of invisibility {unknown}


   Skills:
 + Level 4.6 Fighting
 + Level 1.0 Short Blades
 + Level 1.0 Long Blades
 + Level 1.0 Axes
 + Level 1.0 Maces & Flails
 + Level 1.0 Polearms
 + Level 1.0 Staves
 + Level 8.5 Ranged Weapons
 + Level 1.0 Throwing
 + Level 1.0 Armour
 + Level 4.6 Dodging
 + Level 2.5 Stealth
 + Level 1.0 Shields
 + Level 1.0 Unarmed Combat
 + Level 1.0 Spellcasting
 + Level 0.8 Conjurations
 + Level 0.8 Hexes
 + Level 0.8 Summonings
 + Level 0.8 Necromancy
 + Level 0.8 Translocations
 + Level 0.8 Transmutations
 + Level 0.8 Fire Magic
 + Level 0.8 Ice Magic
 + Level 0.8 Air Magic
 + Level 0.8 Earth Magic
 + Level 0.8 Poison Magic
 + Level 1.1 Invocations
 + Level 1.0 Evocations


You had 5 spell levels left.
You didn't know any spells.
Your spell library contained the following spells:

 Spells                   Type           Power      Damage    Failure   Level
 Blink                    Tloc           2%         N/A       100%        2
 Manifold Assault         Tloc           1%         N/A       100%        5
 Storm Form               Tmut/Air       0%         N/A       100%        7


Dungeon Overview and Level Annotations

Branches:
Dungeon (2/15)

Altars:


Innate Abilities, Weirdness & Mutations

You have very sharp teeth.
Your uncanny sense of smell can sniff out nearby items.
Your experience applies equally to all skills.


Message History

You are too injured to fight recklessly!
The gnoll attacks as you move away! The gnoll hits you with a +0 flail!
* * * LOW HITPOINT WARNING * * *
There is an open door here.
The gnoll attacks as you move away! The gnoll hits you but does no damage.
The gnoll attacks as you move away! The gnoll hits you but does no damage.
The gnoll attacks as you move away! The gnoll hits you with a +0 flail.
* * * LOW HITPOINT WARNING * * *
The gnoll attacks as you move away! The gnoll hits you but does no damage.
The gnoll attacks as you move away! The gnoll hits you with a +0 flail.
* * * LOW HITPOINT WARNING * * *
The adder attacks as you move away! The adder bites you but does no damage.
The gnoll attacks as you move away! The gnoll hits you with a +0 flail.
* * * LOW HITPOINT WARNING * * *
The adder bites you but does no damage. The adder attacks as you move away!
The adder bites you but does no damage.
As you read the scroll labelled AFEOJUOFIS, it crumbles to dust.
It is a scroll of identify.
g - 2 potions of curing The gnoll hits you but does no damage.
You feel better. The gnoll hits you with a +0 flail.
* * * LOW HITPOINT WARNING * * *
As you read the scroll labelled TIKADGH DELUSM, it crumbles to dust.
You hear a loud clanging noise!
It was a scroll of noise.
You hear an angry hiss.
You hear a shout! x6; You hear an angry hiss.
You hear a shout!
The gnoll hits you but does no damage.
Okay, then.
Okay, then.
Okay, then.
You feel better. The gnoll hits you but does no damage.
The gnoll attacks as you move away! The gnoll hits you with a +0 flail.
The gnoll attacks as you move away! The gnoll hits you with a +0 flail!
* * * LOW HITPOINT WARNING * * *
Things that are here:
a +0 dagger; 3 stones; a kobold corpse
There is a stone staircase leading up here.
The gnoll hits you with a +0 flail!
You die...

#.S.+ ∆ ∆ ##.'..#
##.## ###########
#S#########...........
#.S[.†.......#........
###..........#........
#...................
#.)r......# ....##.
#..g......######.##.
###@................
#.........#.###...
#.........#.# ####
#.......###.# #
#.......# ### #
#...##### # #...# #
#...# # #...# #


You could see a gnoll, an adder, a ball python and a rat.

Vanquished Creatures
  An adder (D:2)
  A worm (D:2)
  A dart slug (D:1)
  3 ball pythons
  4 endoplasms (D:1)
  7 giant cockroaches
  2 goblins
  5 hobgoblins
  A quokka (D:1)
  3 bats (D:1)
  3 frilled lizards (D:1)
  4 kobolds
  3 rats
38 creatures vanquished.

Notes
Turn   | Place    | Note
-------+----------+-------------------------------------------
     0 | D:1      | reriks the Gnoll Hunter began the quest for the Orb.
     0 | D:1      | Reached XP level 1. HP: 20/20 MP: 1/1
   117 | D:1      | Reached XP level 2. HP: 26/26 MP: 2/2
   502 | D:1      | Reached XP level 3. HP: 31/31 MP: 3/3
   832 | D:2      | Reached skill level 1 in Invocations
   879 | D:2      | Reached skill level 1 in Short Blades
   879 | D:2      | Reached skill level 1 in Long Blades
   879 | D:2      | Reached skill level 1 in Axes
   879 | D:2      | Reached skill level 1 in Maces & Flails
   879 | D:2      | Reached skill level 1 in Polearms
   879 | D:2      | Reached skill level 1 in Staves
   879 | D:2      | Reached skill level 1 in Throwing
   879 | D:2      | Reached skill level 1 in Armour
   879 | D:2      | Reached skill level 1 in Shields
   879 | D:2      | Reached skill level 1 in Unarmed Combat
   879 | D:2      | Reached skill level 1 in Spellcasting
   879 | D:2      | Reached skill level 1 in Evocations
  1081 | D:2      | Reached XP level 4. HP: 38/38 MP: 5/5
  1118 | D:2      | Slain by a gnoll

Illustrated notes

Levels and vault maps discovered:
D:1:      dpeg_arrival_renting, layout_basic, amcnicky_mini_pool_small
D:2:      minmay_razor_zed, layout_basic

Skill      XL: |  1  2  3 |
---------------+----------+-----
Invocations    | 1 |  1.1
Short Blades   | 1 |  1.0
Long Blades    | 1 |  1.0
Axes           | 1 |  1.0
Maces & Flails | 1 |  1.0
Polearms       | 1 |  1.0
Staves         | 1 |  1.0
Throwing       | 1 |  1.0
Armour         | 1 |  1.0
Shields        | 1 |  1.0
Unarmed Combat | 1 |  1.0
Spellcasting   | 1 |  1.0
Evocations     | 1 |  1.0
Fighting       | |  4.6
Ranged Weapons | |  8.5
Dodging        | |  4.6
Stealth        | |  2.5
Conjurations   | |  0.8
Hexes          | |  0.8
Summonings     | |  0.8
Necromancy     | |  0.8
Translocations | |  0.8
Transmutations | |  0.8
Fire Magic     | |  0.8
Ice Magic      | |  0.8
Air Magic      | |  0.8
Earth Magic    | |  0.8
Poison Magic   | |  0.8

Action                   |  1- 3 |  4- 6 || total
-------------------------+-------+-------++-------
 Fire: Shortbow          |    85 |     3 ||    88
  Use: Scroll            |       |     2 ||     2
       Potion            |       |     2 ||     2
Armor: Leather armour    |    11 |       ||    11
       Plate armour      |     1 |    11 ||    12
Dodge: Dodged            |    18 |     2 ||    20

Table legend: (Time is in decaauts)
 A = Elapsed time spent in this place.
 B = Non-inter-level travel time spent in this place.
 C = Inter-level travel time spent in this place.
 D = Time resting spent in this place.
 E = Time spent auto-exploring this place.
 F = Levels seen in this place.
 G = Mean time per level.
                   A        B        C        D        E       F      G
               +--------+--------+--------+--------+--------+-----+--------+
         Total |   1148 |   1095 |     53 |     65 |    795 |   2 |  574.0 |
       Dungeon |   1148 |   1095 |     53 |     65 |    795 |   2 |  574.0 |
               +--------+--------+--------+--------+--------+-----+--------+

Top non-repeatable levels by time:
     D:1: 771 daAuts
     D:2: 377 daAuts
